 Dungeon Crawl Stone Soup version 0.27.0-1-g7a089689b8 (webtiles) character file.

Game seed: 13594293396828294969

218 oldmanjim the Vexing (level 5, -4/53 HPs)
             Began as an Ogre Enchanter on Aug 14, 2021.
             Was a Follower of Uskayaw.
             Slain by a phantom (8 damage)
             ... on level 4 of the Dungeon.
             The game lasted 00:19:12 (3203 turns).

oldmanjim the Vexing (Ogre Enchanter)               Turns: 3203, Time: 00:19:12

Health: -4/53      AC:  4    Str: 13    XL:     5   Next: 95%
Magic:  4/9        EV: 10    Int: 16    God:    Uskayaw [*.....]
Gold:   130        SH:  0    Dex:  9    Spells: 7/10 levels left

rFire    . . .     SeeInvis .   a - +1 dagger (venom)
rCold    . . .     Faith    .   (no shield)
rNeg     . . .     Spirit   .   l - +0 robe
rPois    .         Reflect  .   (helmet restricted)
rElec    .         Harm     .   q - +0 cloak
rCorr    .         Rampage  .   (gloves unavailable)
Will     .....                  (boots unavailable)
Stlth    ++........             p - amulet of regeneration
HPRegen  1.17/turn              (no ring)
MPRegen  0.11/turn              (no ring)

@: no status effects
A: large, unfitting armour, tough skin 1
a: Renounce Religion, Stomp


You were on level 4 of the Dungeon.
You worshipped Uskayaw.
Uskayaw was noncommittal.
You visited 1 branch of the dungeon, and saw 4 of its levels.

You collected 130 gold pieces.

Inventory:

Hand Weapons
 a - a +1 dagger of venom (weapon)
 b - a +0 hunting sling
 i - a +0 spear
Missiles
 e - 36 stones
 n - 17 poisoned darts
Armour
 l - a +0 robe (worn)
 q - a +0 cloak (worn)
 s - a +0 tower shield
Jewellery
 p - an amulet of regeneration (around neck)
Scrolls
 f - 2 scrolls of fog {unknown}
 h - 2 scrolls of fear {unknown}
 j - 4 scrolls of identify {unknown}
 k - a scroll of magic mapping {unknown}
 m - 3 scrolls of torment {unknown}
 o - a scroll of holy word {unknown}
 r - a scroll of summoning {unknown}
Potions
 c - a potion of berserk rage {unknown}
 d - a potion of curing {unknown}
 g - a potion of brilliance {unknown}


   Skills:
 - Level 3.0 Fighting
 - Level 0.8 Short Blades
 - Level 0.5 Slings
 - Level 2.5 Dodging
 - Level 2.1 Stealth
 + Level 2.4 Shields
 - Level 3.0 Spellcasting
 - Level 3.0 Hexes
 - Level 2.0 Ice Magic


You had 7 spell levels left.
You knew the following spells:

 Your Spells              Type           Power      Damage    Failure   Level
a - Corona                Hex            13%        N/A       5%          1
b - Ensorcelled Hibernat  Hex/Ice        20%        N/A       10%         2

Your spell library contained the following spells:

 Spells                   Type           Power      Damage    Failure   Level
 Confusing Touch          Hex            12%        N/A       16%         3
 Tukima's Dance           Hex            12%        N/A       16%         3
 Ozocubu's Armour         Ice            8%         N/A       24%         3
 Dazzling Flash           Conj/Hex       14%        N/A       30%         3
 Metabolic Englaciation   Hex/Ice        5%         N/A       88%         5
 Simulacrum               Ice/Necr       2%         N/A       100%        6


Dungeon Overview and Level Annotations

Branches:
Dungeon (4/15)
 Temple: D:4-7

Altars:
Okawaru
Uskayaw

Shops:
D:3 :   D:4 :*

Annotations:
D:3 2 transporters, tbh1313's ghost, amateur GrFi


Innate Abilities, Weirdness & Mutations

You are too large for most types of armour.
You have tough skin. (AC +1)


Message History

The phantom is heavily damaged.
The gnoll completely misses you. The phantom barely misses you.
You stomp with the beat, sending a shockwave through the revellers around you!
The phantom is severely damaged.
The gnoll hits you from afar with a +0 spear.
* * * LOW HITPOINT WARNING * * *
The phantom hits you.
* * * LOW HITPOINT WARNING * * *
The phantom blinks!
You blink.
You closely miss the phantom.
The phantom is severely damaged.
The phantom hits you but does no damage.
You hit the phantom but do no damage.
The phantom is severely damaged.
The phantom barely misses you.
You hit the phantom but do no damage.
The phantom is severely damaged.
The phantom hits you.
* * * LOW HITPOINT WARNING * * *
The phantom blinks!
You blink.
You hit the phantom but do no damage.
The phantom is severely damaged.
The phantom hits you.
* * * LOW HITPOINT WARNING * * *
You hit the phantom but do no damage.
The phantom is severely damaged.
The phantom hits you.
* * * LOW HITPOINT WARNING * * *
The phantom blinks!
You blink.
You stomp with the beat, sending a shockwave through the revellers around you!
The phantom is almost destroyed.
You can no longer pass through a line of other dancers.
The phantom misses you.
You miss the phantom.
The phantom is almost destroyed.
The phantom hits you but does no damage.
You hit the phantom.
The phantom is almost destroyed.
The phantom hits you!
You die...

..............#.#
....#........#.#
....#.(......#.# ###
##########.#
###############'##
#⌠.⌠........†....#
...#.∩..............#
....⌠.⌠..........W..#
.......###).....@...#
....... #...)......#
....... #..).......#
###....###..........#
#.................#
#..........g......###
#........##g.............
........##.#########...#
##...#####......# .#


You could see a phantom and 2 gnolls.

Vanquished Creatures
  A phantom (D:4)
  A hound (D:4)
  An adder (D:2)
  A gnoll (D:4)
  An ufetubus (D:2)
  3 worms
  A dart slug (D:3)
  7 orcs
  2 ball pythons
  7 bats
  7 endoplasms
  3 giant cockroaches
  10 hobgoblins
  4 jackals (D:3)
  3 frilled lizards
  4 goblins
  8 kobolds
  5 rats
69 creatures vanquished.

Notes
Turn   | Place    | Note
-------+----------+-------------------------------------------
     0 | D:1      | oldmanjim the Ogre Enchanter began the quest for the Orb.
     0 | D:1      | Reached XP level 1. HP: 16/16 MP: 3/3
   425 | D:1      | Reached XP level 2. HP: 24/24 MP: 5/5
  1376 | D:2      | Reached XP level 3. HP: 23/32 MP: 5/7
  1586 | D:2      | Reached skill level 1 in Fighting
  1804 | D:2      | Learned a level 2 spell: Ensorcelled Hibernation
  2028 | D:2      | Reached XP level 4. HP: 38/42 MP: 2/8
  2238 | D:2      | Found a faded altar of an unknown god.
  2245 | D:2      | Became a worshipper of Uskayaw the Reveller
  2245 | D:2      | Reached * piety under Uskayaw
  2331 | D:3      | Reached ** piety under Uskayaw
  2368 | D:3      | Noticed an ogre
  2371 | D:3      | Found a transporter.
  2372 | D:3      | Noticed tbh1313's ghost (amateur GrFi)
  2374 | D:3      | Found a transporter.
  2394 | D:3      | Reached skill level 1 in Ice Magic
  2525 | D:3      | Found Fuud's Book Boutique.
  3029 | D:4      | Found Tihasch's Assorted Antiques.
  3105 | D:4      | Noticed a phantom
  3114 | D:4      | Reached XP level 5. HP: 53/53 MP: 4/9
  3116 | D:4      | Found Pips's Book Boutique.
  3130 | D:4      | Found an iron altar of Okawaru.
  3151 | D:4      | Reached *** piety under Uskayaw
  3155 | D:4      | Noticed a phantom
  3155 | D:4      | Reached **** piety under Uskayaw
  3156 | D:4      | Killed a phantom
  3200 | D:4      | HP: 1/53 [phantom (5)]
  3203 | D:4      | Slain by a phantom

Illustrated notes

Levels and vault maps discovered:
D:1:      minmay_arrival_semitransparent, layout_loops_ring,
          minmay_misc_feat_tiny, minmay_misc_feat_hallway,
          chequers_serial_rivers_room_a
D:2:      layout_basic, dilly_ecumenical_altar_fadedgnrine,
          mrwooster_statue_mirror
D:3:      layout_basic, serial_shops, shop, gammafunk_ghost_arena,
          minmay_bisected
D:4:      layout_basic, nicolae_overflow_crystal_walls,
          minmay_temple_entry_proselytizer, serial_shops, shop,
          nicolae_stop_n_shop_2, nicolae_take_the_stairs, shop_statue,
          shop_fountains, chequers_ossuary_entry_cave

Skill      XL: |  1  2  3  4  5 |
---------------+----------------+-----
Hexes          | 3 |  3.0
Dodging        | 2 |  2.5
Spellcasting   | 3 |  3.0
Fighting       | 1 3 |  3.0
Ice Magic      | 2 |  2.0
Shields        | 2 |  2.4
Short Blades   | |  0.8
Slings         | |  0.5
Stealth        | |  2.1

Action                   |  1- 3 |  4- 6 || total
-------------------------+-------+-------++-------
Melee: Dagger            |    74 |   160 ||   234
 Fire: Hunting sling     |    43 |       ||    43
 Cast: Ensorcelled Hiber |     5 |     6 ||    11
Invok: Stomp             |       |     2 ||     2
 Stab: Sleeping          |     6 |     5 ||    11
       Paralysed         |       |     2 ||     2
Armor: Robe              |    33 |    38 ||    71
Dodge: Dodged            |    39 |    77 ||   116
